 Dungeon Crawl Stone Soup version 0.31-a0-278-g485e682e34 (webtiles) character file.

Game seed: 5047686882713110072

861 AdnanSaban the Covered (level 8, -6/48 HPs)
             Began as a Gargoyle Fighter on July 16, 2023.
             Mangled by an orc warrior
             ... wielding a +0 glaive
              (12 damage)
             ... on level 5 of the Dungeon.
             The game lasted 00:08:45 (4714 turns).

AdnanSaban the Covered (Gargoyle Fighter)           Turns: 4714, Time: 00:08:46

Health: -6/48      AC: 16    Str: 23    XL:     8   Next: 2%
Magic:  0/8        EV:  9    Int:  8    God:
Gold:   334        SH:  4    Dex:  9    Spells: 7/7 levels left

rFire   . . .        i - +3 mace (protect)
rCold   . . .        c - +0 buckler
rNeg    + + .        b - +0 scale mail
rPois   ∞            (no helmet)
rElec   +            (no cloak)
rCorr   .            n - +0 pair of gloves
SInv    .            u - +1 pair of boots
Will    .....        t - amulet of guardian spirit Stlth
                     w - ring of positive energy
HPRegen 0.28/turn    (no ring)
MPRegen 0.11/turn

%: guardian spirit
@: no status effects
A: sickness immunity, AC +5, negative energy resistance 1, electricity
resistance, torment resistance 1, petrification resistance
a: no special abilities


You were on level 5 of the Dungeon.
You visited 1 branch of the dungeon, and saw 5 of its levels.
You also visited: Sewer.

You collected 334 gold pieces.

Inventory:

Hand Weapons
 i - a +3 mace of protection (weapon)
Missiles
 g - 2 throwing nets
Armour
 b - a +0 scale mail (worn)
 c - a +0 buckler (worn)
 n - a +0 pair of gloves (worn)
 u - a +1 pair of boots (worn)
Jewellery
 t - an amulet of guardian spirit (around neck)
 w - a ring of positive energy (left hand)
 x - a +6 ring of strength
 y - a ring of protection from fire
Wands
 v - a wand of light (8)
Scrolls
 a - 7 scrolls of identify {unknown}
 f - a scroll of teleportation {unknown}
 m - 2 scrolls of immolation {unknown}
 p - a scroll of enchant weapon {unknown}
 q - 2 scrolls of blinking {unknown}
 r - a scroll of brand weapon {unknown}
 s - a scroll of amnesia {unknown}
Potions
 d - a potion of might
 e - 2 potions of attraction {unknown}
 h - 3 potions of lignification {unknown}
 j - 3 potions of brilliance {unknown}
 k - a potion of curing {unknown}
 l - 2 potions of mutation {unknown}
 o - a potion of invisibility {unknown}
 z - a potion of heal wounds {unknown}


   Skills:
 + Level 4.9 Fighting
 + Level 6.1 Maces & Flails
 + Level 6.1 Armour
 + Level 4.6 Shields


You had 7 spell levels left.
You didn't know any spells.
Your spell library contained the following spells:

 Spells                   Type           Power      Damage    Failure   Level
 Static Discharge         Conj/Air       0%         2-2/arc   88%         2
 Dazzling Flash           Conj/Hex       0%         N/A       98%         3
 Volatile Blastmotes      Fire/Tloc      0%         2d10      98%         3
 Airstrike                Air            0%         2d(0-16)  100%        4
 Summon Lightning Spire   Summ/Air       0%         N/A       100%        4
 Starburst                Conj/Fire      0%         6d3       100%        6
 Maxwell's Capacitive Co  Air            0%         ∞         100%        8


Dungeon Overview and Level Annotations

Branches:
Dungeon (5/15)              Sewer (visited)
 Temple: D:4-7

Altars:
Fedhas
Qazlal
Yredelemnul

Shops:
D:1 (   D:2 [[=*?   D:3 (   D:4 [

Annotations:
D:5 3 runed translucent doors, tensugalgo's ghost, novice MiHs


Innate Abilities, Weirdness & Mutations

You are immune to sickness and miasma.
Your stone body is resilient. (AC +5)
You are immune to poison.
You resist negative energy. (rN+)
You are resistant to electric shocks. (rElec)
You are resistant to unholy torment.
You are immune to petrification.


Message History

You completely miss the orc warrior.
The orc warrior is severely wounded.
You block the orc warrior's attack.
You hit the orc warrior but do no damage.
The orc warrior is severely wounded.
You block the orc warrior's attack.
You hit the orc warrior but do no damage.
The orc warrior is severely wounded.
The orc warrior hits you but does no damage.
You closely miss the orc warrior.
The orc warrior is severely wounded.
The orc warrior closely misses you.
You hit the orc warrior but do no damage.
The orc warrior is heavily wounded.
The orc warrior hits you with a +0 glaive!
* * * LOW HITPOINT WARNING * * *
You barely miss the orc warrior.
The orc warrior is heavily wounded.
The orc warrior closely misses you.
You hit the orc warrior but do no damage.
The orc warrior is heavily wounded.
The orc warrior hits you but does no damage.
You hit the orc warrior.
The orc warrior is severely wounded.
The orc warrior hits you but does no damage.
You block the orc warrior's attack.
You closely miss the orc warrior.
The orc warrior is severely wounded.
The orc warrior barely misses you.
You completely miss the orc warrior.
The orc warrior is severely wounded.
The orc warrior hits you with a +0 glaive!
* * * LOW HITPOINT WARNING * * *
You barely miss the orc warrior.
The orc warrior is severely wounded.
The orc warrior closely misses you.
You closely miss the orc warrior.
The orc warrior is severely wounded.
The orc warrior hits you with a +0 glaive!
You die...

.......##...............
.......##..............
##..>..##..............
E#.....##......#####.##
##.....##...........).#
... .. #.............#
.... ................#
.... .####.....).....#
##. #....)@.....#
#......o....#
#...........#
#...........#
#...........#
##.########## #. .


You could see an orc warrior.

Vanquished Creatures
  Sigmund (D:2)
  The ghost of blacky4 the Insei, an amateur OpSh (D:4)
  An ogre (D:5)
  A scorpion (D:5)
  Jessica (D:1)
  2 iguanas
  A sleepcap (D:5)
  An orc wizard (D:3)
  Robin (D:1)
  8 gnolls
  7 adders
  A river rat (Sewer)
  2 adder zombies (D:4)
  6 worms
  3 dart slugs
  9 orcs
  8 endoplasms
  6 giant cockroaches
  14 goblins
  9 hobgoblins
  3 jackals (D:1)
  11 kobolds
  3 quokkas
  9 ball pythons
  6 bats
  11 frilled lizards
  7 rats
133 creatures vanquished.

Notes
Turn   | Place    | Note
-------+----------+-------------------------------------------
     0 | D:1      | AdnanSaban the Gargoyle Fighter began the quest for the
                  | Orb.
     0 | D:1      | Reached XP level 1. HP: 14/14 MP: 1/1
    62 | D:1      | Found Isim Lum's Weapon Shop.
   176 | D:1      | Reached XP level 2. HP: 8/19 MP: 2/2
   235 | D:1      | Found a faded altar of an unknown god.
   705 | D:2      | Noticed Sigmund
   802 | D:2      | Noticed Jessica
   810 | D:2      | Noticed Robin
   816 | D:1      | Reached XP level 3. HP: 12/24 MP: 3/3
   821 | D:1      | Killed Jessica
  1019 | D:1      | Reached XP level 4. HP: 4/29 MP: 4/4
  1213 | D:1      | Killed Robin
  1245 | D:2      | Found Xall's Antique Armour Shoppe.
  1253 | D:2      | Found Idonaf's Armour Emporium.
  1335 | D:2      | Found Ybliosko's Magic Scroll Shoppe.
  1358 | D:2      | Killed Sigmund
  1359 | D:2      | Reached XP level 5. HP: 20/33 MP: 5/5
  1359 | D:2      | Reached XP level 6. HP: 24/38 MP: 6/6
  1576 | D:2      | Found Wusuozimm's Jewellery Shop.
  1821 | D:2      | Found Wico's General Store.
  2117 | D:3      | Reached skill level 5 in Armour
  2268 | D:3      | Found a glowing drain.
  2283 | Sewer    | Entered a sewer
  2914 | D:3      | Reached skill level 5 in Maces & Flails
  3163 | D:3      | Found Kokenud's Antique Weapon Shoppe.
  3446 | D:3      | Reached XP level 7. HP: 44/44 MP: 7/7
  3798 | D:4      | Found Xeppouce's Armour Shop.
  4028 | D:4      | Found a blossoming altar of Fedhas.
  4157 | D:4      | Found a runed translucent gate.
  4157 | D:4      | Found a runed translucent gate.
  4157 | D:4      | Found a runed translucent gate.
  4157 | D:4      | Noticed blacky4's ghost (amateur OpSh)
  4159 | D:4      | Found a basalt altar of Yredelemnul.
  4183 | D:4      | Killed blacky4's ghost
  4397 | D:5      | Entered Level 5 of the Dungeon
  4547 | D:5      | Noticed a water elemental
  4549 | D:5      | Found a stormy altar of Qazlal.
  4566 | D:5      | Found a runed translucent gate.
  4567 | D:5      | Found a runed translucent gate.
  4568 | D:5      | Found a runed translucent gate.
  4570 | D:5      | Noticed tensugalgo's ghost (novice MiHs)
  4616 | D:5      | Reached XP level 8. HP: 44/48 MP: 8/8
  4714 | D:5      | Mangled by an orc warrior

Illustrated notes

Levels and vault maps discovered:
D:1:      dpeg_arrival_rooms_b, layout_basic, basic_ecumenical_altar,
          serial_shops, nicolae_shop_bloodbath_and_beyond
D:2:      layout_rooms, serial_shops, shop, nicolae_lakefront_shop, shop,
          nicolae_shop_back_alley_shop, nicolae_shop_tiny_waterfront,
          chequers_garden, st_stairs_10, minmay_nonomino_d4, uniq_sigmund,
          uniq_robin, uniq_jessica
D:3:      layout_basic, cheibrodos_sewer_entry_drain, serial_shops,
          nicolae_diamond_shop
D:4:      layout_basic, marbit_many_paths, nicolae_yredelemnul_ghost_church,
          serial_shops, nicolae_lakefront_shop, serial_glass, glass_columns_c,
          glass_columns_c
D:5:      layout_basic, nicolae_qazlal_style_of_elements,
          gammafunk_ghost_nasty_kobolds

Skill      XL: |  1  2  3  4  5  6  7 |
---------------+----------------------+-----
Maces & Flails | 4 5 6 |  6.1
Armour         | 4 5 6 |  6.1
Fighting       | 4 |  4.9
Shields        | 4 |  4.6

Action                     |  1- 3 |  4- 6 |  7- 9 || total
---------------------------+-------+-------+-------++-------
  Melee: Flail             |    81 |    19 |       ||   100
         Mace              |       |   221 |   135 ||   356
 Armour: Scale mail        |    68 |   208 |    77 ||   353
  Dodge: Dodged            |    55 |   128 |    52 ||   235
  Block: Buckler           |    27 |    74 |    33 ||   134

Table legend: (Time is in decaauts)
 A = Elapsed time spent in this place.
 B = Non-inter-level travel time spent in this place.
 C = Inter-level travel time spent in this place.
 D = Time resting spent in this place.
 E = Time spent auto-exploring this place.
 F = Levels seen in this place.
 G = Mean time per level.
                   A        B        C        D        E       F      G
               +--------+--------+--------+--------+--------+-----+--------+
         Total |   4877 |   4650 |    227 |    354 |   3128 |   6 |  812.8 |
       Dungeon |   4487 |   4260 |    227 |    354 |   2907 |   5 |  897.4 |
         Sewer |    389 |    389 |      0 |      0 |    221 |   1 |  389.0 |
               +--------+--------+--------+--------+--------+-----+--------+

Top non-repeatable levels by time:
     D:1: 1218 daAuts
     D:3: 1160 daAuts
     D:4: 956 daAuts
     D:2: 849 daAuts
   Sewer: 389 daAuts
     D:5: 302 daAuts
